 Dungeon Crawl Stone Soup version 0.25-a0-942-g87a53962fc (webtiles) character file.

Game seed: 15475869419558970050, levelgen mode: deterministic

917 Caramio the Chopper (level 8, -1/49 HPs)
             Began as a Gargoyle Berserker on May 7, 2020.
             Was a Priest of Trog.
             Killed from afar by Dowan (3 damage)
             ... with a shard of ice
             ... on level 5 of the Dungeon.
             The game lasted 00:04:34 (4407 turns).

Caramio the Chopper (Gargoyle Berserker)            Turns: 4407, Time: 00:04:34

Health: -1/49      AC: 14    Str: 24    XL:     8   Next: 9%
Magic:  8/8        EV:  8    Int:  7    God:    Trog [***...]
Gold:   318        SH:  0    Dex:  9    Spells: 7/7 levels left

rFire    . . .     SeeInvis .   Y - +1 war axe
rCold    . . .     Gourm    .   (no shield)
rNeg     + . .     Faith    .   l - +0 chain mail
rPois    ∞         Spirit   .   (no helmet)
rElec    +         Reflect  .   (no cloak)
rCorr    .         Harm     .   (no gloves)
MR       .....                  (no boots)
Stlth    ..........             (no amulet)
HPRegen  0.16/turn              (no ring)
MPRegen  0.11/turn              (no ring)

@: berserk cooldown, slowed, very slow
A: claws 1, negative energy resistance 1, sense surroundings 1, electricity
resistance, unbreathing, petrification resistance, rot immunity, AC +5
a: Berserk, Trog's Hand, Renounce Religion


You were on level 5 of the Dungeon.
You worshipped Trog.
Trog was most pleased with you.
You were very hungry.

You visited 1 branch of the dungeon, and saw 5 of its levels.

You collected 318 gold pieces.


Innate Abilities, Weirdness & Mutations

You are resistant to torment.
Your stone body is resilient. (AC +5)
You are immune to poison.
You resist negative energy. (rN+)
You are resistant to electric shocks. (rElec)
You can survive without breathing.
You are immune to petrification.
You are immune to rotting.
You have sharp fingernails.
You passively map a small area around you.


   Skills:
 - Level 5.0 Fighting
 + Level 7.7 Axes
 - Level 3.5 Armour
 - Level 1.5 Dodging


You had 7 spell levels left.
You didn't know any spells.
Your spell library was empty.

Inventory:

Hand Weapons
 o - a +0 flail
 Y - a +1 war axe (weapon)
Armour
 l - a +0 chain mail (worn)
Jewellery
 d - an uncursed ring of stealth {unknown}
 j - an uncursed ring of protection from cold {unknown}
 m - a +3 ring of strength {unknown}
Wands
 b - a wand of disintegration (14)
Scrolls
 a - a scroll of remove curse
Potions
 c - 2 potions of degeneration {unknown}
 f - a potion of heal wounds {unknown}
 g - 2 potions of mutation
 i - a potion of resistance {unknown}
 k - a potion of berserk rage {unknown}
 n - 2 potions of curing
 p - a potion of magic {unknown}
Comestibles
 e - 12 rations

Dungeon Overview and Level Annotations

Branches:
Dungeon (5/15)
 Temple: D:4-7

Altars:
Cheibriados
Okawaru
Vehumet
Zin

Annotations:
D:5 Dowan


Message History

Dowan hits you but does no damage.
Found a scroll of identify.
4403 ||| READING scroll of teleportation.
As you read the scroll of teleportation, it crumbles to dust.
You feel strangely unstable. Dowan barely misses you. x2
You slice Dowan!!
Dowan is almost dead.
Dowan mumbles some strange words.
Dowan blinks!
Dowan casts a spell.
Dowan blinks!
Your surroundings seem slightly different.
Dowan says, "How can I live without her?"
Dowan hits you but does no damage. Dowan closely misses you.
You completely miss Dowan.
Dowan is almost dead.
Dowan casts a spell at you. The shard of ice hits you.
You die...

....#..,#.................
..!....##..##...##......##
,
..<......).#...###........
,
.....>....)....##..##.....
,
.........)##..(#...#......
...........(.(.......#....
..........................
#.........................
,........e@.............#..
,
.............#.#......##..
.............#.#..###.....
.................## #.....
*, ......[.........####....
#....#)...........#....#
....##............##..##
.... ...............)##.
#..##..........(..


You could see Dowan.

Vanquished Creatures
  Duvessa (D:5)
  A centaur (D:5)
  An ogre (D:4)
  3 jellies
  3 hounds (D:4)
  4 orc priests
  3 orc wizards (D:5)
  Jessica (D:2)
  An iguana (D:5)
  A worker ant (D:5)
  4 gnolls (D:4)
  6 adders
  A worm (D:5)
  4 dart slugs
  A leopard gecko (D:3)
  16 orcs
  2 bats (D:2)
  7 giant cockroaches
  7 goblins
  2 hobgoblins
  5 jackals
  10 kobolds
  A quokka (D:2)
  5 ball pythons
  2 frilled lizards
  9 rats
101 creatures vanquished.

Notes
Turn   | Place    | Note
-------+----------+-------------------------------------------
     0 | D:1      | Caramio the Gargoyle Berserker began the quest for the Orb.
     0 | D:1      | Reached XP level 1. HP: 14/14 MP: 1/1
     0 | D:1      | 0 ||| counter = 28
   196 | D:1      | 196 ||| Stepping ~*~*~tactically~*~*~ (stealth).
   198 | D:1      | 198 ||| Stepping ~*~*~tactically~*~*~ (stealth).
   266 | D:1      | Reached skill level 3 in Axes
   270 | D:1      | Reached XP level 2. HP: 14/19 MP: 2/2
   465 | D:1      | 465 ||| Stepping ~*~*~tactically~*~*~ (stealth).
   886 | D:1      | 886 ||| READING scroll labeled EREZUTYJOS.
   887 | D:1      | 887 ||| READING scroll labeled TIFOAWNUQOC.
   888 | D:1      | 888 ||| READING scroll labeled IGRASH ALIENEF.
   944 | D:2      | 944 ||| SWAPPING to war axe.
   945 | D:2      | 945 ||| DROPPING +0 hand axe.
   946 | D:2      | 946 ||| UPGRADING to ring mail.
   956 | D:2      | 956 ||| DROPPING +0 animal skin.
  1206 | D:2      | Reached XP level 3. HP: 23/23 MP: 3/3
  1207 | D:2      | Found a snail-covered altar of Cheibriados.
  1252 | D:2      | 1252 ||| STAIRDANCE
  1297 | D:1      | 1297 ||| READING scroll labeled QEDILLOHOE.
  1305 | D:2      | Noticed Jessica
  1319 | D:2      | Killed Jessica
  1319 | D:2      | Reached ** piety under Trog
  1319 | D:2      | Reached skill level 4 in Axes
  1511 | D:2      | Reached XP level 4. HP: 28/28 MP: 4/4
  1626 | D:2      | 1626 ||| UPGRADING to chain mail.
  1636 | D:2      | 1636 ||| DROPPING +0 ring mail.
  1993 | D:2      | 1993 ||| READING scroll labeled EKUXIE QUIQIRO.
  2010 | D:3      | 2010 ||| INVOKING Berserk.
  2011 | D:3      | Reached skill level 5 in Axes
  2013 | D:3      | Reached XP level 5. HP: 32/32 MP: 5/5
  2512 | D:3      | 2512 ||| INVOKING Berserk.
  2692 | D:3      | Found an iron altar of Okawaru.
  2822 | D:3      | Found a glowing silver altar of Zin.
  2893 | D:3      | 2893 ||| INVOKING Berserk.
  2894 | D:3      | Reached XP level 6. HP: 39/39 MP: 6/6
  3060 | D:3      | Found a radiant altar of Vehumet.
  3065 | D:3      | 3065 ||| READING scroll labeled ZERYGA QOGEW YNOPN.
  3068 | D:3      | 3068 ||| READING scroll labeled ITUFUICRUCIWN.
  3069 | D:3      | 3069 ||| DRINKING 2 puce potions.
  3070 | D:3      | 3070 ||| DROPPING potion of flight.
  3184 | D:4      | 3184 ||| DROPPING whip.
  3233 | D:4      | 3233 ||| INVOKING Berserk.
  3237 | D:4      | Reached skill level 6 in Axes
  3243 | D:4      | Reached *** piety under Trog
  3405 | D:4      | Reached XP level 7. HP: 30/44 MP: 7/7
  4007 | D:4      | 4007 ||| READING scroll labeled MUSSEO ZAHESKY.
  4008 | D:4      | 4008 ||| READING scroll labeled FESUAKL CIORY.
  4009 | D:4      | 4009 ||| DRINKING 2 ruby potions.
  4009 | D:4      | Gained mutation: You passively map a small area around you.
                  | [potion of mutation]
  4009 | D:4      | Gained mutation: You have sharp fingernails. [potion of
                  | mutation]
  4010 | D:4      | 4010 ||| DRINKING 3 fizzy purple potions.
  4036 | D:5      | Entered Level 5 of the Dungeon
  4113 | D:5      | 4113 ||| INVOKING Berserk.
  4118 | D:5      | Reached skill level 7 in Axes
  4176 | D:5      | 4176 ||| EATING 12 rations.
  4324 | D:5      | 4324 ||| INVOKING Berserk.
  4386 | D:5      | Reached skill level 3 in Armour
  4388 | D:5      | 4388 ||| INVOKING Berserk.
  4388 | D:5      | Noticed Duvessa
  4390 | D:5      | Noticed Dowan
  4400 | D:5      | Killed Duvessa
  4400 | D:5      | Reached XP level 8. HP: 22/49 MP: 8/8
  4401 | D:5      | HP: 1/49 [Dowan/shard of ice (14)]
  4403 | D:5      | 4403 ||| READING scroll of teleportation.
  4407 | D:5      | Killed from afar by Dowan

Levels and vault maps discovered:
D:1:      dpeg_arrival_rooms_c, layout_loops_cross, serial_forest,
          infiniplex_forest_fountain, infiniplex_forest_lined_3,
          infiniplex_forest_clump_double, infiniplex_forest_lined_room_,
          infiniplex_forest_lined_4_way, infiniplex_forest_end_2,
          infiniplex_forest_clump_curved, infiniplex_forest_corner_2
D:2:      layout_loops_corners, kennysheep_slug_shrine, first_ration,
          uniq_jessica
D:3:      layout_loops_cross, zin_treasury, nicolae_overflow_hidden_temple,
          okawaru_metal_pillars_1_2
D:4:      minmay_door_path, layout_basic, kennysheep_generic_room_12
D:5:      layout_cave_pools, cheibrodos_gnoll_hut, uniq_duvessa

Skill      XL: |  1  2  3  4  5  6  7 |
---------------+----------------------+-----
Axes           | 3 4 5 6 7 |  7.7
Fighting       | 4 5 |  5.0
Armour         | 3 |  3.5
Dodging        | |  1.5

Action                   |  1- 3 |  4- 6 |  7- 9 || total
-------------------------+-------+-------+-------++-------
Melee: Hand axe          |    30 |       |       ||    30
       War axe           |    47 |   152 |    55 ||   254
Invok: Berserk           |       |     4 |     3 ||     7
  Use: Scroll            |     4 |     3 |     3 ||    10
       Potion            |       |     1 |     2 ||     3
  Eat: Chunk             |     2 |    10 |     2 ||    14
       Ration            |       |       |     1 ||     1
Armor: Animal skin       |     7 |       |       ||     7
       Ring mail         |    31 |     2 |       ||    33
       Chain mail        |       |   109 |    40 ||   149
Dodge: Dodged            |    44 |    68 |    13 ||   125

Table legend:
 A = Non-vault XP
 B = Vault XP
 C = Vault XP percentage of total XP
 D = Non-vault monster count
 E = Vault monster count
 F = Vault count percentage of total count
                 A         B        C        D         E       F
            +---------+---------+-------+---------+---------+-------
      Total |    1070 |     241 |  18.4 |      95 |       6 |   5.9
            +---------+---------+-------+---------+---------+-------
        D:1 |      18 |       0 |   0.0 |      12 |       0 |   0.0
        D:2 |      61 |      41 |  40.2 |      21 |       2 |   8.7
        D:3 |     218 |       0 |   0.0 |      35 |       0 |   0.0
        D:4 |     292 |      51 |  14.9 |      13 |       3 |  18.8
        D:5 |     481 |     149 |  23.7 |      14 |       1 |   6.7
            +---------+---------+-------+---------+---------+-------
